 Dungeon Sprint DCSS version 0.23.2-11-gf996548c65 (webtiles) character file.

Game seed: 5789422682440254431

12611 Kobolds4U the Severer (level 11, 0/113 (115) HPs)
             Began as a Minotaur Berserker on May 31, 2019.
             Was the Champion of Trog.
             Slain by a 13-headed hydra (10 damage)
             ... while paralysed by a floating eye
             ... in the Dungeon (Sprint I: "Red Sonja") on June 3, 2019.
             The game lasted 00:13:17 (3601 turns).

Kobolds4U the Severer (Minotaur Berserker)          Turns: 3601, Time: 00:13:18

HP:   0/113 (115)   AC: 15    Str: 21    XL:     11   Next: 64%
MP:   10/10         EV:  2    Int:  4    God:    Trog [******]
Gold: 136           SH:  0    Dex: 14    Spells: 10/10 levels left

rFire    . . .     SeeInvis .   q - +6 executioner's axe (vamp)
rCold    . . .     Gourm    .   (shield currently unavailable)
rNeg     . . .     Faith    .   r - +0 chain mail
rPois    .         Spirit   .   l - +1 hat
rElec    .         Reflect  .   (no cloak)
rCorr    .         Harm     .   (no gloves)
MR       +....     NoTele   +   s - +0 pair of boots
Stlth    ..........             (no amulet)
HPRegen  0.28/turn              k - ring of protection from magic
MPRegen  0.12/turn              (no ring)

@: paralysed
A: retaliatory headbutt, horns 2
a: Berserk, Trog's Hand, Brothers in Arms, Renounce Religion


You were in the Dungeon.
You worshipped Trog.
Trog was exalted by your worship.
You were not hungry.

You visited 1 branch You collected 1364 gold pieces.
You spent 1228 gold pieces at shops.

Inventory:

Hand Weapons
 a - a +0 hand axe
 b - a +5 battleaxe of freezing
 m - the +8 battleaxe "Ekkuq" {chop, *Drain rElec rN+ Int+4}
   (You bought it in a shop in the Dungeon)

   It inflicts extra damage upon your enemies.
   It affects your intelligence (+4).
   It insulates you from electricity.
   It protects you from negative energy.
   It causes draining when unequipped.
 q - a +6 vampiric executioner's axe (weapon)
Armour
 e - a +0 scale mail of poison resistance
 l - a +1 hat (worn)
 r - a +0 chain mail (worn)
 s - a +0 pair of boots (worn)
Jewellery
 k - a ring of protection from magic (left hand)
 u - a +2 ring of evasion
 v - a +3 ring of protection
 w - an uncursed ring of see invisible
Wands
 j - a wand of polymorph (11)
Potions
 f - a potion of haste
 g - 2 potions of magic
 h - a potion of berserk rage
 n - a potion of curing
 p - 2 potions of might


   Skills:
 - Level 16.4 Fighting
 - Level 20.0 Axes
 - Level 14.1 Armour
 * Level 15.1 Dodging


You had 10 spell levels left.
You didn't know any spells.
Your spell library was empty.

Dungeon Overview and Level Annotations

Branches:
Dungeon (1/1)

Altars:
Cheibriados
Dithmenos
Elyvilon
Fedhas
Gozag
Hepliaklqana
Kikubaaqudgha
Makhleb
Nemelex Xobeh
Okawaru
Qazlal
Ru
Sif Muna
Trog
Uskayaw
Vehumet
Wu Jian
Xom
Yredelemnul
Zin
The Shining One
Jiyva
Lugonu

Shops:
D =(%*[[:!!}*%!}:[}


Innate Abilities, Weirdness & Mutations

You reflexively headbutt those who attack you in melee.
You have a pair of horns on your head.


Message History

You suddenly lose the ability to move!
The 13-headed hydra bites you but does no damage. x2
The 13-headed hydra bites you.
The 13-headed hydra bites you but does no damage.
The 13-headed hydra bites you! The 13-headed hydra bites you.
The 13-headed hydra completely misses you.
The 13-headed hydra bites you.
* * * LOW HITPOINT WARNING * * *
The 13-headed hydra bites you!
* * * LOW HITPOINT WARNING * * *
The 13-headed hydra bites you!
* * * LOW HITPOINT WARNING * * *
The 13-headed hydra bites you but does no damage. x2
The 13-headed hydra completely misses you.
The 13-headed hydra bites you but does no damage.
The 13-headed hydra bites you.
* * * LOW HITPOINT WARNING * * *
The 13-headed hydra bites you but does no damage.
The 13-headed hydra barely misses you. The 13-headed hydra bites you!
You die...

#####################
[.#.[#.§..'§§.§§@DG$#
..##§#§####§..§§##$.+
..'§.#§# ##§.§## ###
###..§§# ###+# !$##
.##+#### #.##$$$#
.#..○..# #..###$#
.#.○)^°+ ##.#A#$#
§###...# #..###$#
.'.#...# #.##..$#


You could see a 13-headed hydra and a floating eye.

Vanquished Creatures
  2 centaur warriors (D)
  Sonja (D)
  7 unseen horrors (D)
  A deep troll (D)
  A lindwurm (D)
  An oklob plant (D)
  A gargoyle (D)
  4 demonic crawlers (D)
  2 kobold demonologists (D)
  A hornet (D)
  A slime creature (D)
  Sigmund (D)
  A yak (D)
  2 redbacks (D)
  13 hogs (D)
  2 floating eyes (D)
  7 necrophages (D)
  An ogre (D)
  8 jellies (D)
  Ijyb (D)
58 creatures vanquished.

Vanquished Creatures (others)
  the Lernaean hydra (D)
  A gargoyle (D)
  4 hornets (D)
6 creatures vanquished.

Grand Total: 64 creatures vanquished

Notes
Turn   | Place    | Note
-------+----------+-------------------------------------------
     0 | D        | Kobolds4U the Minotaur Berserker began the quest for the
                  | Orb.
     0 | D        | Reached XP level 1. HP: 19/19 MP: 0/0
     1 | D        | Noticed Ijyb
     5 | D        | Killed Ijyb
     5 | D        | Reached skill level 5 in Fighting
     5 | D        | Reached skill level 6 in Axes
     5 | D        | Reached XP level 2. HP: 26/29 MP: 1/1
    34 | D        | Noticed an ogre
    39 | D        | Killed an ogre
    39 | D        | Reached skill level 9 in Axes
    39 | D        | Reached XP level 3. HP: 35/39 MP: 2/2
    39 | D        | Reached XP level 4. HP: 43/47 MP: 3/3
   147 | D        | Noticed Sigmund
   155 | D        | Killed Sigmund
   155 | D        | Reached ** piety under Trog
   155 | D        | Reached skill level 12 in Axes
   155 | D        | Reached XP level 5. HP: 31/57 MP: 4/4
   299 | D        | Found a burning altar of Makhleb.
   299 | D        | Found a viscous altar of Jiyva.
   299 | D        | Found a shimmering altar of Xom.
   299 | D        | Found a corrupted altar of Lugonu.
   299 | D        | Noticed a slime creature
   301 | D        | Found an ornate altar of the Wu Jian Council.
   301 | D        | Found a deep blue altar of Sif Muna.
   303 | D        | Found a radiant altar of Vehumet.
   307 | D        | Reached XP level 6. HP: 58/64 MP: 5/5
   334 | D        | Found Xavok Cas's Antique Weapon Emporium.
   334 | D        | Found an ancient bone altar of Kikubaaqudgha.
   334 | D        | Found a hazy altar of Hepliaklqana.
   334 | D        | Found a stormy altar of Qazlal.
   334 | D        | Found a hide-covered altar of Uskayaw.
   334 | D        | Found a blossoming altar of Fedhas.
   334 | D        | Found a bloodstained altar of Trog.
   334 | D        | Found an iron altar of Okawaru.
   334 | D        | Found a basalt altar of Yredelemnul.
   334 | D        | Found a glowing golden altar of the Shining One.
   334 | D        | Found a snail-covered altar of Cheibriados.
   334 | D        | Found a sacrificial altar of Ru.
   334 | D        | Found a glowing silver altar of Zin.
   334 | D        | Found a shadowy altar of Dithmenos.
   334 | D        | Found a white marble altar of Elyvilon.
   334 | D        | Noticed a yak
   343 | D        | Killed a yak
   343 | D        | Reached skill level 10 in Fighting
   343 | D        | Reached skill level 13 in Axes
   344 | D        | Found an opulent altar of Gozag.
   345 | D        | Found a sparkling altar of Nemelex Xobeh.
   369 | D        | Killed a slime creature
   369 | D        | Reached *** piety under Trog
   369 | D        | Reached skill level 14 in Axes
   369 | D        | Reached XP level 7. HP: 24/74 MP: 6/6
   624 | D        | Bought an ancient battleaxe for 356 gold pieces
   624 | D        | Identified the +8 battleaxe "Ekkuq" {chop, *Drain rElec rN+
                  | Int+4} (You bought it in a shop in the Dungeon)
   642 | D        | Noticed a kobold demonologist
   642 | D        | Noticed a kobold demonologist
   644 | D        | Reached skill level 15 in Axes
   645 | D        | Killed a kobold demonologist
   645 | D        | Reached skill level 5 in Armour
   649 | D        | Killed a kobold demonologist
   649 | D        | Reached **** piety under Trog
   649 | D        | Reached XP level 8. HP: 85/85 MP: 7/7
   654 | D        | Noticed a demonic crawler
   654 | D        | Noticed a demonic crawler
   654 | D        | Noticed a demonic crawler
   654 | D        | Noticed a demonic crawler
   968 | D        | Noticed a centaur warrior
   969 | D        | Noticed a centaur warrior
   976 | D        | Killed a centaur warrior
   976 | D        | Reached skill level 16 in Axes
   976 | D        | Reached skill level 10 in Armour
   978 | D        | Killed a centaur warrior
   978 | D        | Reached XP level 9. HP: 37/94 MP: 8/8
  1211 | D        | Reached skill level 17 in Axes
  1483 | D        | Noticed an oklob plant
  1487 | D        | Killed an oklob plant
  1487 | D        | Reached ***** piety under Trog
  1595 | D        | Received a gift from Trog
  1870 | D        | Killed an unseen horror
  1870 | D        | Reached XP level 10. HP: 87/104 MP: 9/9
  1885 | D        | HP: 5/104 [something (9)]
  1896 | D        | Killed an unseen horror
  1896 | D        | Reached skill level 15 in Fighting
  1996 | D        | Killed the 27-headed Lernaean hydra
  2240 | D        | Reached skill level 5 in Dodging
  2242 | D        | Received a gift from Trog
  2243 | D        | Reached skill level 18 in Axes
  2313 | D        | Paralysed by a floating eye for 3 turns
  2330 | D        | Reached ****** piety under Trog
  2347 | D        | Identified the Collected Works on Hexes
  2356 | D        | Found Plog's General Store.
  2356 | D        | Found Xiaqeosi's Food Shop.
  2356 | D        | Found Ytittor's Armour Boutique.
  2358 | D        | Found Lomal's Armour Emporium.
  2358 | D        | Found Elasogu's Book Shop.
  2358 | D        | Found Fefradoe's Distillery.
  2358 | D        | Found Itim Moe's Distillery.
  2358 | D        | Found Boukutto's Gadget Emporium.
  2358 | D        | Found Fiwkeirph's General Store.
  2358 | D        | Found Xuxoresch's Food Shoppe.
  2363 | D        | Found Hacwi Ojozu's Distillery.
  2364 | D        | Found Umoaw's Book Emporium.
  2364 | D        | Found Lyraz's Gadget Boutique.
  2365 | D        | Found Qekhacopp's Gadget Emporium.
  2366 | D        | Bought a potion of degeneration for 12 gold pieces
  2388 | D        | Bought a +0 chain mail for 54 gold pieces
  2405 | D        | Bought a +0 hat for 52 gold pieces
  2410 | D        | Bought a +0 pair of boots for 58 gold pieces
  2422 | D        | Bought a scroll of enchant armour for 90 gold pieces
  2470 | D        | Noticed a deep troll
  2476 | D        | Killed a deep troll
  2489 | D        | Found Eliucac's Armour Emporium.
  2574 | D        | Noticed Sonja
  2582 | D        | Killed Sonja
  2588 | D        | Found Lureicefusk's Jewellery Boutique.
  2596 | D        | Bought a +2 ring of evasion for 110 gold pieces
  2596 | D        | Bought a +3 ring of protection for 231 gold pieces
  2596 | D        | Bought an uncursed ring of see invisible for 165 gold
                  | pieces
  2599 | D        | Upgraded the game from 0.23.2-1-ga50397a6bc to
                  | 0.23.2-11-gf996548c65
  2618 | D        | Killed a gargoyle
  2649 | D        | Bought a ration for 50 gold pieces
  2649 | D        | Bought a ration for 50 gold pieces
  2934 | D        | Received a gift from Trog
  2936 | D        | Reached skill level 10 in Dodging
  3091 | D        | Noticed a lindwurm
  3094 | D        | Killed a lindwurm
  3094 | D        | Reached XP level 11. HP: 87/113 MP: 10/10
  3190 | D        | Reached skill level 19 in Axes
  3196 | D        | Received a gift from Trog
  3216 | D        | Received a gift from Trog
  3350 | D        | Noticed a daeva
  3353 | D        | Noticed an unseen horror
  3356 | D        | Killed an unseen horror
  3357 | D        | Killed an unseen horror
  3358 | D        | Noticed an unseen horror
  3360 | D        | Killed an unseen horror
  3365 | D        | Killed an unseen horror
  3365 | D        | Reached skill level 20 in Axes
  3368 | D        | Killed an unseen horror
  3494 | D        | Received a gift from Trog
  3494 | D        | Reached skill level 15 in Dodging
  3597 | D        | Noticed a 12-headed hydra
  3599 | D        | Paralysed by a floating eye for 3 turns
  3601 | D        | Slain by a 13-headed hydra

Skill      XL: |  1  2  3  4  5  6  7  8  9 10 11 |
---------------+----------------------------------+-----
Fighting       | 5 7 9 11 12 13 14 16 | 16.4
Axes           | 6 9 12 14 15 16 17 18 20 | 20.0
Armour         | 7 12 14 | 14.1
Dodging        | 10 15 | 15.1

Action                   |  1- 3 |  4- 6 |  7- 9 | 10-12 || total
-------------------------+-------+-------+-------+-------++-------
Melee: Hand axe          |     6 |    27 |       |       ||    33
       Headbutt          |     1 |    11 |     3 |    27 ||    42
       Battleaxe         |       |       |    27 |    83 ||   110
       Executioner's axe |       |       |       |    19 ||    19
Invok: Berserk           |     1 |       |       |     1 ||     2
       Trog's Hand       |       |       |       |     1 ||     1
  Use: Scroll            |       |       |     1 |     5 ||     6
       Potion            |       |       |     1 |     1 ||     2
  Eat: Chunk             |       |       |     2 |     1 ||     3
       Ration            |       |       |       |     4 ||     4
Armor: Scale mail        |       |     3 |    23 |    16 ||    42
       Chain mail        |       |       |       |    78 ||    78
Dodge: Dodged            |     3 |     8 |    21 |    74 ||   106
